 Dungeon Crawl Stone Soup version 0.22-a0-348-gd16d139 (webtiles) character file.

112 xccam the Cleaver (level 4, 0/41 HPs)
             Began as a Gnoll Wanderer on Apr 8, 2018.
             Succumbed to Edmund's poison
             ... on level 4 of the Dungeon.
             The game lasted 00:03:39 (1495 turns).

xccam the Cleaver (Gnoll Wanderer)                  Turns: 1495, Time: 00:03:40

Health: 0/41       AC:  8    Str: 12 (13) XL:     4   Next: 95%
Magic:  6/6        EV: 10    Int: 18 (20) God:
Gold:   118        SH:  0    Dex: 15 (16) Spells: 5/5 levels left

rFire    . . .     SeeInvis .   q - +2 hand axe (freeze)
rCold    . . .     Gourm    .   (no shield)
rNeg     . . .     Faith    .   b - +0 ring mail
rPois    .         Spirit   .   c - +2 helmet
rElec    .         Reflect  .   (no cloak)
rCorr    .         Harm     .   (no gloves)
MR       .....                  (no boots)
Stlth    +.........             (no amulet)
HPRegen  0.13/turn              (no ring)
MPRegen  0.10/turn              (no ring)

@: brilliant, lethally poisoned (0 -> -18), flying, very slightly contaminated,
hasted, very quick
A: distributed training, fangs 1, strong nose
a: no special abilities


You were on level 4 of the Dungeon.
You were hungry.

You visited 1 branch of the dungeon, and saw 3 of its levels.

You collected 118 gold pieces.

Inventory:

Hand Weapons
 q - a +2 hand axe of freezing (weapon)
Missiles
 m - 46 bolts
Armour
 b - a +0 ring mail (worn)
 c - a +2 helmet (worn)
Wands
 a - a wand of enslavement (15)
Scrolls
 e - a scroll of blinking
 j - a scroll of identify
 k - a scroll of remove curse
Comestibles
 d - 2 rations


   Skills:
 + Level 6.6 Fighting
 + Level 1.2 Short Blades
 + Level 1.2 Long Blades
 + Level 8.6 Axes
 + Level 1.2 Maces & Flails
 + Level 1.2 Polearms
 + Level 1.2 Staves
 + Level 1.2 Slings
 + Level 1.2 Bows
 + Level 1.2 Crossbows
 + Level 1.2 Throwing
 + Level 2.8 Armour
 + Level 1.2 Dodging
 + Level 1.2 Stealth
 + Level 2.8 Shields
 + Level 1.2 Unarmed Combat
 + Level 1.2 Spellcasting
 + Level 1.0 Conjurations
 + Level 1.0 Hexes
 + Level 1.0 Charms
 + Level 1.0 Summonings
 + Level 1.0 Necromancy
 + Level 1.0 Translocations
 + Level 1.0 Transmutations
 + Level 1.0 Fire Magic
 + Level 1.0 Ice Magic
 + Level 1.0 Air Magic
 + Level 1.0 Earth Magic
 + Level 1.0 Poison Magic
 + Level 1.4 Invocations
 + Level 2.8 Evocations


You had 5 spell levels left.
You didn't know any spells.

Dungeon Overview and Level Annotations

Branches:
Dungeon (2/15)

Altars:
Nemelex Xobeh

Annotations:
D:4 Edmund


Innate Abilities, Weirdness & Mutations

Your experience applies equally to all skills.
You have very sharp teeth.
Your uncanny sense of smell can sniff out nearby items.


Message History

You feel sick.
* * * LOW HITPOINT WARNING * * *
You feel sick.
* * * LOW HITPOINT WARNING * * *
You feel sick.
* * * LOW HITPOINT WARNING * * *
You feel sick.
There is a lethal amount of poison in your body!
You aren't carrying any potions.
Okay, then.
* * * LOW HITPOINT WARNING * * *
You feel sick.
* * * LOW HITPOINT WARNING * * *
You feel sick.
* * * LOW HITPOINT WARNING * * *
You feel sick.
* * * LOW HITPOINT WARNING * * *
You feel sick.
You flicker back into view.
You die...

#.###........#
####............####
....s...# #.......#
.......@# #.#.....#
........# #.#.....#
....$...# #.#.....#
........# #.#.....#
........# #.......+
.......@#
###.....#####
#########
#..........
##⌠.⌠#######
#.._........
#.⌠.⌠#...###
#...##...###
##.###...... #)#
#.#.### #.# #.#.#


You could see Edmund and a scorpion.

Vanquished Creatures
  A worker ant (D:4)
  2 adders (D:2)
  2 oozes
  3 dart slugs
  3 leopard geckos (D:2)
  An orc (D:4)
  2 ball pythons
  7 giant cockroaches
  9 goblins
  2 hobgoblins
  2 quokkas
  7 bats
  4 frilled lizards
  A kobold (D:2)
  6 rats
52 creatures vanquished.

Vanquished Creatures (others)
  A frilled lizard (D:1)
1 creature vanquished.

Grand Total: 53 creatures vanquished

Notes
Turn   | Place    | Note
-------+----------+-------------------------------------------
     0 | D:1      | xccam the Gnoll Wanderer began the quest for the Orb.
     0 | D:1      | xccam set off with: a wand of enslavement (15), a +0 ring mail, a +0 hand axe, a ration
     0 | D:1      | Reached XP level 1. HP: 23/23 MP: 2/2
    65 | D:1      | Reached XP level 2. HP: 29/29 MP: 3/3
   196 | D:1      | Reached XP level 3. HP: 35/35 MP: 4/4
   738 | D:2      | Reached skill level 1 in Invocations
   885 | D:2      | Reached skill level 1 in Short Blades
   885 | D:2      | Reached skill level 1 in Long Blades
   885 | D:2      | Reached skill level 1 in Maces & Flails
   885 | D:2      | Reached skill level 1 in Polearms
   885 | D:2      | Reached skill level 1 in Staves
   885 | D:2      | Reached skill level 1 in Slings
   885 | D:2      | Reached skill level 1 in Bows
   885 | D:2      | Reached skill level 1 in Crossbows
   885 | D:2      | Reached skill level 1 in Throwing
   885 | D:2      | Reached skill level 1 in Dodging
   885 | D:2      | Reached skill level 1 in Stealth
   885 | D:2      | Reached skill level 1 in Unarmed Combat
   885 | D:2      | Reached skill level 1 in Spellcasting
   887 | D:2      | Reached XP level 4. HP: 39/41 MP: 4/6
  1170 | D:2      | You fall through a shaft for 2 floors!
  1181 | D:4      | Reached skill level 1 in Conjurations
  1181 | D:4      | Reached skill level 1 in Hexes
  1181 | D:4      | Reached skill level 1 in Charms
  1181 | D:4      | Reached skill level 1 in Summonings
  1181 | D:4      | Reached skill level 1 in Necromancy
  1181 | D:4      | Reached skill level 1 in Translocations
  1181 | D:4      | Reached skill level 1 in Transmutations
  1181 | D:4      | Reached skill level 1 in Fire Magic
  1181 | D:4      | Reached skill level 1 in Ice Magic
  1181 | D:4      | Reached skill level 1 in Air Magic
  1181 | D:4      | Reached skill level 1 in Earth Magic
  1181 | D:4      | Reached skill level 1 in Poison Magic
  1360 | D:4      | Found a sparkling altar of Nemelex Xobeh.
  1382 | D:4      | Noticed Edmund
  1493 | D:4      | HP: 2/41 [poisoned by Edmund]
  1495 | D:4      | Succumbed to Edmund's poison

Vault maps used:
D:1:      onia_arrival_larder, moated_statue, minmay_misc_feat_columns
D:2:      kb_forest_paths
D:4:      grunt_temple_overflow_diamond, minmay_temple_entry_trees,
          serial_glass, glass_columns_a, glass_columns_a, portal_sewer_entry_e,
          serial_shops, shop_fountains, nemelex_xobeh_ov_fountains_minmay,
          uniq_edmund

Skill      XL: |  1  2  3  4 |
---------------+-------------+-----
Invocations    | 1 |  1.4
Short Blades   | 1 |  1.2
Long Blades    | 1 |  1.2
Maces & Flails | 1 |  1.2
Polearms       | 1 |  1.2
Staves         | 1 |  1.2
Slings         | 1 |  1.2
Bows           | 1 |  1.2
Crossbows      | 1 |  1.2
Throwing       | 1 |  1.2
Dodging        | 1 |  1.2
Stealth        | 1 |  1.2
Unarmed Combat | 1 |  1.2
Spellcasting   | 1 |  1.2
Conjurations   | 1 |  1.0
Hexes          | 1 |  1.0
Charms         | 1 |  1.0
Summonings     | 1 |  1.0
Necromancy     | 1 |  1.0
Translocations | 1 |  1.0
Transmutations | 1 |  1.0
Fire Magic     | 1 |  1.0
Ice Magic      | 1 |  1.0
Air Magic      | 1 |  1.0
Earth Magic    | 1 |  1.0
Poison Magic   | 1 |  1.0
Fighting       | |  6.6
Axes           | |  8.6
Armour         | |  2.8
Shields        | |  2.8
Evocations     | |  2.8

Action                   |  1- 3 |  4- 6 || total
-------------------------+-------+-------++-------
Melee: Hand axe          |    89 |    61 ||   150
       Bite              |     8 |     5 ||    13
  Use: Scroll            |       |     8 ||     8
       Potion            |       |     6 ||     6
 Stab: Sleeping          |     1 |       ||     1
       Invisible         |       |     1 ||     1
  Eat: Chunk             |       |     1 ||     1
Armor: Ring mail         |    41 |    18 ||    59
Dodge: Dodged            |    35 |    37 ||    72

Table legend:
 A = Spawn XP
 B = Non-spawn XP
 C = Spawn XP percentage of total XP
 D = Spawn monster count
 E = Non-spawn monster count
 F = Spawn count percentage of total count
 G = Total turns spent on level
                    A         B        C        D         E        F      G
               +---------+---------+-------+---------+---------+-------+---------
         Total |       0 |     161 |   0.0 |       0 |      52 |   0.0 |  1495
               +---------+---------+-------+---------+---------+-------+---------
           D:1 |       0 |      55 |   0.0 |       0 |      28 |   0.0 |   720
           D:2 |       0 |      63 |   0.0 |       0 |      19 |   0.0 |   450
           D:4 |       0 |      43 |   0.0 |       0 |       5 |   0.0 |   325
               +---------+---------+-------+---------+---------+-------+---------
